 Dungeon Crawl Stone Soup version 0.28-a0-1518-gbe868bca14 (webtiles) character file.

Game seed: 10913353716435120349

123 dave1331 the Covered (level 4, -1/41 HPs)
             Began as a Minotaur Fighter on Jan 16, 2022.
             Was an Initiate of Fedhas.
             Slain by an orc wizard (4 damage)
             ... on level 4 of the Dungeon.
             The game lasted 00:17:46 (1281 turns).

dave1331 the Covered (Minotaur Fighter)             Turns: 1281, Time: 00:17:47

Health: -1/41      AC: 14    Str: 23    XL:     4   Next: 80%
Magic:  3/3        EV:  9    Int:  5    God:    Fedhas [......]
Gold:   115        SH:  0    Dex:  9    Spells: 3/3 levels left

rFire   x . .      SeeInvis .   h - +2 short sword (protect)
rCold   + . .      Faith    .   c - +0 buckler
rNeg    . . .      Spirit   .   b - +0 scale mail
rPois   .          Reflect  .   (helmet restricted)
rElec   .          Harm     .   (no cloak)
rCorr   .          Rampage  .   (no gloves)
Will    .....                   (no boots)
Stlth   ..........              (no amulet)
HPRegen 0.13/turn               g - ring of ice
MPRegen 0.08/turn               (no ring)

@: confused, under a protective aura
A: horns 2, retaliatory headbutt
a: Renounce Religion


You were on level 4 of the Dungeon.
You worshipped Fedhas.
Fedhas was noncommittal.
You visited 1 branch of the dungeon, and saw 4 of its levels.

You collected 115 gold pieces.

Inventory:

Hand Weapons
 a - a +0 long sword
 h - a +2 short sword of protection (weapon)
Missiles
 f - a throwing net (quivered)
Armour
 b - a +0 scale mail (worn)
 c - a +0 buckler (worn)
Jewellery
 g - a ring of ice (left hand)
Scrolls
 i - a scroll of identify {unknown}
Potions
 d - a potion of might
 e - a potion of mutation {unknown}


   Skills:
 + Level 4.3 Fighting
 + Level 0.8(2.1) Short Blades
 + Level 3.4(3.5) Long Blades
 + Level 4.8 Armour
 - Level 0.5 Dodging
 + Level 4.4 Shields


You had 3 spell levels left.
You didn't know any spells.
Your spell library contained the following spells:

 Spells                   Type           Power      Damage    Failure   Level
 Static Discharge         Conj/Air       0%         N/A       94%         2
 Ozocubu's Armour         Ice            0%         N/A       99%         3
 Lightning Bolt           Conj/Air       0%         1d11      100%        5
 Metabolic Englaciation   Hex/Ice        0%         N/A       100%        5
 Simulacrum               Ice/Necr       0%         N/A       100%        6
 Maxwell's Capacitive Co  Air            0%         ∞         100%        8


Dungeon Overview and Level Annotations

Branches:
Dungeon (4/15)
 Temple: D:4-7

Altars:
Dithmenos
Fedhas
Gozag

Shops:
D:1 ?   D:2 ?


Innate Abilities, Weirdness & Mutations

You have a pair of horns on your head.
You reflexively headbutt those who attack you in melee.


Message History

* * * LOW HITPOINT WARNING * * *
Something hits you but does no damage.
A magic dart appears from out of thin air!
The magic dart hits something!
Unknown command.
Unknown command.
You completely miss the orc.
The orc is lightly wounded.
Something hits you but does no damage. The orc hits you but does no damage.
You hear some strange, mumbled words.
Something tries to affect you, but you resist.
You bump into the rock wall.
The orc closely misses you.
You hear some strange, mumbled words.
A puff of flame appears from out of thin air!
The puff of flame hits you. The fire burns you terribly!
* * * LOW HITPOINT WARNING * * *
You bump into the rock wall.
Something hits you.
* * * LOW HITPOINT WARNING * * *
A magic dart appears from out of thin air!
The magic dart hits something!
Reactivating autopickup.
You feel a bit more experienced. The orc closely misses you.
Deactivating autopickup; reactivate with Ctrl-A.
You miss something. The orc hits you with a +0 whip.
* * * LOW HITPOINT WARNING * * *
Something hits you but does no damage. The orc hits you but does no damage.
You hear some strange, mumbled words.
You are more confused.
An orc is nearby!
An orc is nearby!
An orc is nearby!
You closely miss something. The orc hits you with a +0 whip.
* * * LOW HITPOINT WARNING * * *
Something hits you but does no damage.
You hit something.
Your weapon exudes an aura of protection.
Your headbutt misses something. Something hits you.
You die...
Fedhas appreciates your contribution to the ecosystem.

# ##.#..# #.###.#
##.#..# .#######
#.###.#.# ......(#
#.......# .......#
#####.###
#..########## #.#
#.........)o####.#
#..########{@....#
.....# ########
.......# ########


You could see an orc.

Vanquished Creatures
  Jessica (D:3)
  An iguana (D:3)
  3 adders
  A dart slug (D:3)
  4 ball pythons
  A bat (D:2)
  2 endoplasms
  A giant cockroach (D:2)
  4 goblins
  2 hobgoblins
  4 jackals (D:1)
  3 kobolds
  2 quokkas
  2 frilled lizards
  4 rats
  A spectral kobold (D:2)
36 creatures vanquished.

Vanquished Creatures (others)
  An orc wizard (D:4)
1 creature vanquished.

Grand Total: 37 creatures vanquished

Notes
Turn   | Place    | Note
-------+----------+-------------------------------------------
     0 | D:1      | dave1331 the Minotaur Fighter began the quest for the Orb.
     0 | D:1      | Reached XP level 1. HP: 19/19 MP: 0/0
    86 | D:1      | Reached XP level 2. HP: 26/27 MP: 1/1
   504 | D:1      | Found Kaymaqosyo's Magic Scroll Boutique.
   598 | D:2      | Reached XP level 3. HP: 33/33 MP: 2/2
   654 | D:2      | Found a faded altar of an unknown god.
   673 | D:2      | Prayed at the altar of an unknown god.
   673 | D:2      | Became a worshipper of Gozag Ym Sagoz the Greedy
   742 | D:2      | Found Daumotoj's Magic Scroll Emporium.
   799 | D:2      | Found a shadowy altar of Dithmenos.
  1025 | D:3      | Found a blossoming altar of Fedhas.
  1032 | D:3      | Reached XP level 4. HP: 40/40 MP: 3/3
  1070 | D:3      | Noticed Jessica
  1073 | D:3      | Killed Jessica
  1146 | D:3      | Fell from the grace of Gozag
  1146 | D:3      | Became a worshipper of Fedhas Madash
  1280 | D:4      | HP: 2/41 [orc (1)]
  1281 | D:4      | Slain by an orc wizard

Illustrated notes

Levels and vault maps discovered:
D:1:      minmay_arrival_doors, layout_rooms, serial_shops, shop
D:2:      layout_rooms, dreamdust_ecumenical_altar_drowned_temple, serial_shops,
          shop_fountains, basic_altar, chequers_serial_rivers_micro_d,
          kennysheep_generic_room_12
D:3:      layout_loops_corners, mainiacjoe_overflow_alcove_4,
          kennysheep_generic_room_2, uniq_sigmund, uniq_jessica, uniq_natasha
D:4:      layout_loops_cross, grunt_decor_cap

Skill      XL: |  1  2  3 |
---------------+----------+-----
Armour         | 4 |  4.8
Shields        | 4 |  4.4
Fighting       | 4 |  4.3
Long Blades    | 3 |  3.4
Short Blades   | |  0.8
Dodging        | |  0.5

Action                   |  1- 3 |  4- 6 || total
-------------------------+-------+-------++-------
Melee: Long sword        |    42 |       ||    42
       Headbutt          |    13 |     1 ||    14
       Short sword       |    26 |    22 ||    48
  Use: Scroll            |     1 |       ||     1
Armor: Scale mail        |    22 |    16 ||    38
Dodge: Dodged            |    31 |    11 ||    42
Block: Buckler           |    14 |     1 ||    15

Table legend: (Time is in decaauts)
 A = Elapsed time spent in this place.
 B = Non-inter-level travel time spent in this place.
 C = Inter-level travel time spent in this place.
 D = Time resting spent in this place.
 E = Time spent auto-exploring this place.
 F = Levels seen in this place.
 G = Mean time per level.
                   A        B        C        D        E       F      G
               +--------+--------+--------+--------+--------+-----+--------+
         Total |   1300 |    346 |    954 |      0 |     37 |   4 |  325.0 |
       Dungeon |   1300 |    346 |    954 |      0 |     37 |   4 |  325.0 |
               +--------+--------+--------+--------+--------+-----+--------+

Top non-repeatable levels by time:
     D:1: 563 daAuts
     D:2: 372 daAuts
     D:3: 287 daAuts
     D:4: 78 daAuts
